3A
GRAND FORKS CATERPILLARS @ ATHLETIC CLUB KC U-24
07/05/2042
 
TOP OF THE 1ST
Grand Forks Caterpillars batting - Pitching for Athletic Club KC U-24 : RHP Yun-tae Yi
Pitching: RHP Yun-tae Yi
Batting: SHB Mannus Coppens 0-0: Swinging Strike
0-1: Ball
1-1: Foul Ball, location: 2F
1-2: Ground out 4-3 (Groundball, 4, EV 83.8 MPH)
Batting: LHB Jorge Cruz 0-0: Ball
1-0: Ball
2-0: Ball
3-0: Base on Balls
Batting: LHB Tokaji Mizuno 0-0: Foul Ball, location: 2F
0-1: SINGLE (Groundball, 4, EV 104.4 MPH) (infield hit)
Jorge Cruz to second
Batting: SHB Tomás Sánchez 0-0: Ball
1-0: Grounds into double play, 6-4-3 (Groundball, 6, EV 88.8 MPH)
Top of the 1st over - 0 runs, 1 hit, 0 errors, 1 left on base; Grand Forks 0 - Athletic Club KC 0
BOTTOM OF THE 1ST
Athletic Club KC U-24 batting - Pitching for Grand Forks Caterpillars : RHP Carlos Rosado
Pitching: RHP Carlos Rosado
Batting: RHB David Bosingwa 0-0: Ball
1-0: Called Strike
1-1: Foul Ball, location: 2F
1-2: Foul Ball, location: 2F
1-2: Strikes out swinging
Batting: RHB Pedro Píaz 0-0: Swinging Strike
0-1: Swinging Strike
0-2: Ground out 5-3 (Groundball, 56S, EV 71.2 MPH)
Batting: SHB Osvaldo Ardiles 0-0: Ball
1-0: Called Strike
1-1: Foul Ball, location: 2F
1-2: Strikes out swinging
Bottom of the 1st over - 0 runs, 0 hits, 0 errors, 0 left on base; Grand Forks 0 - Athletic Club KC 0
TOP OF THE 2ND
Grand Forks Caterpillars batting - Pitching for Athletic Club KC U-24 : RHP Yun-tae Yi
Batting: LHB Kelvin Schmidt 0-0: Called Strike
0-1: Called Strike
0-2: Ball
1-2: Ball
2-2: Strikes out swinging
Batting: LHB António Cruz 0-0: Called Strike
0-1: Called Strike
0-2: DOUBLE (Groundball, 3L, EV 104.4 MPH)
Batting: RHB Markus Lindsey 0-0: Called Strike
0-1: Foul Ball, location: 2F
0-2: Ball
1-2: Strikes out swinging
Batting: LHB Jimmy McComb 0-0: Ball
1-0: Ball
2-0: Ball
3-0: Called Strike
3-1: Base on Balls
Batting: SHB Mark Foster 0-0: Ball
1-0: Foul Ball, location: 2F
1-1: Fly out, F7 (Flyball, 7S, EV 88.8 MPH)
Top of the 2nd over - 0 runs, 1 hit, 0 errors, 2 left on base; Grand Forks 0 - Athletic Club KC 0
BOTTOM OF THE 2ND
Athletic Club KC U-24 batting - Pitching for Grand Forks Caterpillars : RHP Carlos Rosado
Batting: LHB Ramiro Curran 0-0: Ground out 4-3 (Groundball, 4, EV 85.0 MPH)
Batting: LHB Greg Flynn 0-0: Swinging Strike
0-1: Ball
1-1: Called Strike
1-2: Ball
2-2: Strikes out looking
Batting: SHB Francisco Rojas 0-0: Ball
1-0: Ball
2-0: Foul Ball, location: 2F
2-1: Ground out 6-3 (Groundball, 6, EV 75.6 MPH)
Bottom of the 2nd over - 0 runs, 0 hits, 0 errors, 0 left on base; Grand Forks 0 - Athletic Club KC 0
TOP OF THE 3RD
Grand Forks Caterpillars batting - Pitching for Athletic Club KC U-24 : RHP Yun-tae Yi
Batting: SHB Mannus Coppens 0-0: Ball
1-0: DOUBLE (Line Drive, 9LS, EV 95.6 MPH)
Batting: LHB Jorge Cruz 0-0: Called Strike
0-1: Ground out 4-3 (Groundball, 4, EV 84.4 MPH)
Mannus Coppens to third
Batting: LHB Tokaji Mizuno 0-0: Foul Ball, location: 2F
0-1: Ball
1-1: Ball
2-1: SINGLE (Flyball, 9S, EV 90.6 MPH)
Mannus Coppens scores
Batting: SHB Tomás Sánchez 0-0: Fly out, F8 (Flyball, 8RM, EV 96.2 MPH)
Batting: LHB Kelvin Schmidt 0-0: Ball
1-0: Fly out, F7 (Flyball, 78M, EV 92.5 MPH)
Top of the 3rd over - 1 run, 2 hits, 0 errors, 1 left on base; Grand Forks 1 - Athletic Club KC 0
BOTTOM OF THE 3RD
Athletic Club KC U-24 batting - Pitching for Grand Forks Caterpillars : RHP Carlos Rosado
Batting: LHB Derek Robinson 0-0: Ball
1-0: DOUBLE (Line Drive, 78D, EV 112.5 MPH)
Batting: RHB James Allingham 0-0: Foul Ball, location: 2F
0-1: Ball
1-1: Ball
2-1: Fly out, F4 (Popup, 4MD, EV 60.6 MPH)
Batting: SHB Emílio Jover 0-0: Ball
1-0: DOUBLE (Groundball, 3L, EV 95.6 MPH)
Derek Robinson scores
Batting: RHB David Bosingwa 0-0: Called Strike
0-1: Ball
1-1: Ball
2-1: Ball
3-1: Foul Ball, location: 2F
3-2: Foul Ball, location: 2F
3-2: Strikes out swinging
Batting: RHB Pedro Píaz 0-0: Ball
1-0: Called Strike
1-1: Ground out 5-3 (Groundball, 56, EV 101.9 MPH)
Bottom of the 3rd over - 1 run, 2 hits, 0 errors, 1 left on base; Grand Forks 1 - Athletic Club KC 1
TOP OF THE 4TH
Grand Forks Caterpillars batting - Pitching for Athletic Club KC U-24 : RHP Yun-tae Yi
Batting: LHB António Cruz 0-0: Ball
1-0: Swinging Strike
1-1: Ground out 3-1 (Groundball, 34, EV 105.0 MPH)
Batting: RHB Markus Lindsey 0-0: Ball
1-0: Foul Ball, location: 2F
1-1: Foul Ball, location: 2F
1-2: Ball
2-2: SOLO HOME RUN (Flyball, 7LD, EV 95.0 MPH), Distance : 357 ft
Batting: LHB Jimmy McComb 0-0: SINGLE (Flyball, 78S, EV 90.6 MPH) - OUT at second base trying to stretch hit.
Batting: SHB Mark Foster 0-0: Swinging Strike
0-1: Foul Ball, location: 2F
0-2: SINGLE (Groundball, 6MD, EV 96.9 MPH)
Batting: SHB Mannus Coppens 0-0: Called Strike
0-1: Ground out 1-3 (Groundball, 13, EV 65.0 MPH)
Top of the 4th over - 1 run, 3 hits, 0 errors, 1 left on base; Grand Forks 2 - Athletic Club KC 1
BOTTOM OF THE 4TH
Athletic Club KC U-24 batting - Pitching for Grand Forks Caterpillars : RHP Carlos Rosado
Batting: SHB Osvaldo Ardiles 0-0: Called Strike
0-1: Foul Ball, location: 2F
0-2: Ball
1-2: Ball
2-2: Ball
3-2: TRIPLE (Line Drive, 89XD, EV 106.9 MPH)
Batting: LHB Ramiro Curran 0-0: Foul Ball, location: 2F
0-1: Ball
1-1: Fly out, F7 (Flyball, 7S, EV 89.4 MPH)
Batting: LHB Greg Flynn 0-0: Ball
1-0: Ball
Wild Pitch!
Osvaldo Ardiles scores
2-0: SINGLE (Groundball, 4D, EV 95.6 MPH)
Batting: SHB Francisco Rojas 0-0: Called Strike
0-1: Ball
1-1: Ball
2-1: Fly out, F9 (Flyball, 89XD, EV 90.0 MPH)
Batting: LHB Derek Robinson 0-0: Foul Ball, location: 2F
0-1: Ball
1-1: Foul Ball, location: 2F
1-2: Strikes out swinging
Bottom of the 4th over - 1 run, 2 hits, 0 errors, 1 left on base; Grand Forks 2 - Athletic Club KC 2
TOP OF THE 5TH
Grand Forks Caterpillars batting - Pitching for Athletic Club KC U-24 : RHP Yun-tae Yi
Batting: LHB Jorge Cruz 0-0: Foul Ball, location: 2F
0-1: Ball
1-1: SOLO HOME RUN (Flyball, 89XD, EV 101.2 MPH), Distance : 421 ft
Batting: LHB Tokaji Mizuno 0-0: Called Strike
0-1: Foul Ball, location: 2F
0-2: Ball
1-2: Ground out 6-3 (Groundball, 6, EV 96.2 MPH)
Batting: SHB Tomás Sánchez 0-0: Ball
1-0: Fly out, F8 (Flyball, 8RXD, EV 97.5 MPH)
Batting: LHB Kelvin Schmidt 0-0: Ground out 6-3 (Groundball, 6D, EV 89.4 MPH)
Top of the 5th over - 1 run, 1 hit, 0 errors, 0 left on base; Grand Forks 3 - Athletic Club KC 2
BOTTOM OF THE 5TH
Athletic Club KC U-24 batting - Pitching for Grand Forks Caterpillars : RHP Carlos Rosado
Batting: RHB James Allingham 0-0: Called Strike
0-1: Called Strike
0-2: Ball
1-2: SINGLE (Line Drive, 6D, EV 98.8 MPH)
Batting: SHB Emílio Jover 0-0: Swinging Strike
James Allingham steals 2nd, throwing error, E2
James Allingham to third
0-1: Foul Ball, location: 2F
0-2: Ball
1-2: Fly out, F9 (Flyball, 9LSF, EV 79.4 MPH)
Batting: RHB David Bosingwa 0-0: Called Strike
0-1: Foul Ball, location: 2F
0-2: Ball
1-2: Strikes out looking
Batting: RHB Pedro Píaz 0-0: Ball
1-0: Foul Ball, location: 2F
1-1: Foul Ball, location: 2F
1-2: Strikes out swinging
Bottom of the 5th over - 0 runs, 1 hit, 1 error, 1 left on base; Grand Forks 3 - Athletic Club KC 2
TOP OF THE 6TH
Grand Forks Caterpillars batting - Pitching for Athletic Club KC U-24 : RHP Yun-tae Yi
Batting: LHB António Cruz 0-0: Called Strike
0-1: Foul Ball, location: 2F
0-2: Ball
1-2: Strikes out swinging
Batting: RHB Markus Lindsey 0-0: Ball
1-0: Swinging Strike
1-1: Ball
2-1: Foul Ball, location: 2F
2-2: Ball
3-2: Base on Balls
Batting: LHB Jimmy McComb 0-0: Ball
1-0: Called Strike
1-1: Foul Ball, location: 2F
1-2: SINGLE (Line Drive, 34D, EV 100.6 MPH)
Markus Lindsey to second
Batting: SHB Mark Foster 0-0: Ball
1-0: Grounds into double play, 4-6-3 (Groundball, 4, EV 110.0 MPH)
Top of the 6th over - 0 runs, 1 hit, 0 errors, 1 left on base; Grand Forks 3 - Athletic Club KC 2
BOTTOM OF THE 6TH
Athletic Club KC U-24 batting - Pitching for Grand Forks Caterpillars : RHP Carlos Rosado
Pitching: LHP Tommy Tillman
Batting: SHB Osvaldo Ardiles 0-0: Swinging Strike
0-1: Ball
1-1: Fly out, F6 (Line Drive, 6, EV 67.5 MPH)
Batting: LHB Ramiro Curran 0-0: Ball
1-0: Called Strike
1-1: Ball
2-1: Ground out 5-3 (Groundball, 5, EV 103.1 MPH)
Batting: LHB Greg Flynn 0-0: Called Strike
0-1: Swinging Strike
0-2: Ball
1-2: Ball
2-2: Ground out 5-3 (Groundball, 5, EV 90.0 MPH)
Bottom of the 6th over - 0 runs, 0 hits, 0 errors, 0 left on base; Grand Forks 3 - Athletic Club KC 2
TOP OF THE 7TH
Grand Forks Caterpillars batting - Pitching for Athletic Club KC U-24 : RHP Yun-tae Yi
Batting: SHB Mannus Coppens 0-0: Called Strike
0-1: SINGLE (Groundball, 34, EV 87.5 MPH) (infield hit)
Batting: LHB Jorge Cruz 0-0: Called Strike
0-1: Ball
1-1: Foul Ball, location: 2F
1-2: Strikes out looking
Batting: LHB Tokaji Mizuno 0-0: Ball
Mannus Coppens is caught stealing 2nd base 2-6
1-0: Called Strike
1-1: Swinging Strike
1-2: Strikes out looking
Top of the 7th over - 0 runs, 1 hit, 0 errors, 0 left on base; Grand Forks 3 - Athletic Club KC 2
BOTTOM OF THE 7TH
Athletic Club KC U-24 batting - Pitching for Grand Forks Caterpillars : LHP Tommy Tillman
Now in LF: Henri de Beeld
Batting: SHB Francisco Rojas 0-0: Ball
1-0: SINGLE (Groundball, 6MD, EV 108.8 MPH)
Pinch Hitting: SHB Benedito Ahulani 0-0: Sac Bunt to 5S - play at first, batter OUT! 5-4
Francisco Rojas to second
Batting: RHB James Allingham 0-0: Ball
1-0: Called Strike
1-1: Called Strike
Francisco Rojas is caught stealing 3rd base 2-5
1-2: Ball
2-2: Ball
3-2: Ground out 4-3 (Groundball, 4, EV 82.5 MPH)
Bottom of the 7th over - 0 runs, 1 hit, 0 errors, 0 left on base; Grand Forks 3 - Athletic Club KC 2
TOP OF THE 8TH
Grand Forks Caterpillars batting - Pitching for Athletic Club KC U-24 : RHP Yun-tae Yi
Now at 1B: Benedito Ahulani
Batting: SHB Tomás Sánchez 0-0: Called Strike
0-1: Ball
1-1: Foul Ball, location: 2F
1-2: SINGLE (Groundball, 34, EV 94.4 MPH) (infield hit)
Pitching: LHP Keiran Dalley
Batting: LHB Kelvin Schmidt 0-0: Fly out, F7 (Flyball, 7S, EV 86.2 MPH)
Batting: LHB António Cruz 0-0: Foul Ball, location: 2F
0-1: Fly out, F9 (Flyball, 9S, EV 90.0 MPH)
Batting: RHB Markus Lindsey 0-0: Foul Ball, location: 2F
0-1: Ball
1-1: Foul Ball, location: 2F
1-2: Ground out 4-3 (Groundball, 4, EV 78.8 MPH)
Top of the 8th over - 0 runs, 1 hit, 0 errors, 1 left on base; Grand Forks 3 - Athletic Club KC 2
BOTTOM OF THE 8TH
Athletic Club KC U-24 batting - Pitching for Grand Forks Caterpillars : LHP Tommy Tillman
Batting: SHB Emílio Jover 0-0: Foul Ball, location: 2F
0-1: SINGLE (Line Drive, 89S, EV 93.1 MPH)
Pitching: RHP Billy Limby
Batting: RHB David Bosingwa 0-0: Fly out, F9 (Line Drive, 9, EV 91.9 MPH)
Batting: RHB Pedro Píaz 0-0: Ball
1-0: Ball
2-0: SINGLE (Groundball, 56, EV 89.4 MPH) (infield hit)
Emílio Jover to second
Batting: SHB Osvaldo Ardiles 0-0: Ball
1-0: Called Strike
1-1: Ball
2-1: Ball
3-1: Base on Balls
Emílio Jover to third
Pedro Píaz to second
Batting: LHB Ramiro Curran 0-0: Ball
1-0: Foul Ball, location: 2F
1-1: Ball
2-1: Fly out, F8 (Flyball, 8LS, EV 84.4 MPH)
Batting: LHB Greg Flynn 0-0: Called Strike
0-1: Called Strike
0-2: Ball
1-2: Ball
2-2: Strikes out swinging
Bottom of the 8th over - 0 runs, 2 hits, 0 errors, 3 left on base; Grand Forks 3 - Athletic Club KC 2
TOP OF THE 9TH
Grand Forks Caterpillars batting - Pitching for Athletic Club KC U-24 : LHP Keiran Dalley
Batting: LHB Jimmy McComb 0-0: Called Strike
0-1: Ball
1-1: Fly out, F9 (Flyball, 89M, EV 85.0 MPH)
Batting: SHB Mark Foster 0-0: Ball
1-0: DOUBLE (Line Drive, 89M, EV 100.0 MPH)
Batting: SHB Mannus Coppens 0-0: Ball
1-0: Ball
2-0: Foul Ball, location: 2F
2-1: Ball
3-1: Foul Ball, location: 2F
3-2: Strikes out swinging
Batting: LHB Jorge Cruz 0-0: Fly out, F9 (Flyball, 89S, EV 95.0 MPH)
Top of the 9th over - 0 runs, 1 hit, 0 errors, 1 left on base; Grand Forks 3 - Athletic Club KC 2
BOTTOM OF THE 9TH
Athletic Club KC U-24 batting - Pitching for Grand Forks Caterpillars : RHP Billy Limby
Batting: SHB Francisco Rojas 0-0: Ball
1-0: Ball
2-0: Fly out, F9 (Flyball, 9, EV 88.8 MPH)
Batting: SHB Benedito Ahulani 0-0: SOLO HOME RUN (Flyball, 89XD, EV 95.0 MPH), Distance : 420 ft
Batting: RHB James Allingham 0-0: Ball
1-0: Ball
2-0: SINGLE (Flyball, 89M, EV 92.5 MPH)
Batting: SHB Emílio Jover 0-0: Ball
1-0: DOUBLE (Flyball, 78D, EV 103.8 MPH)
James Allingham to third
Batting: RHB David Bosingwa 0-0: Swinging Strike
0-1: Called Strike
0-2: Foul Ball, location: 2F
0-2: Ball
1-2: Strikes out swinging
Batting: RHB Pedro Píaz 0-0: Called Strike
0-1: Fly out, F7 (Line Drive, 7, EV 90.6 MPH)
Bottom of the 9th over - 1 run, 3 hits, 0 errors, 2 left on base; Grand Forks 3 - Athletic Club KC 3
TOP OF THE 10TH
Grand Forks Caterpillars batting - Pitching for Athletic Club KC U-24 : LHP Keiran Dalley
Batting: LHB Henri de Beeld 0-0: Ball
1-0: Ball
2-0: Ball
3-0: Base on Balls
Batting: SHB Tomás Sánchez 0-0: Ball
1-0: Foul Ball, location: 2F
1-1: Ball
2-1: Ball
3-1: Base on Balls
Henri de Beeld to second
Pitching: LHP Dave Williams
Batting: LHB Kelvin Schmidt 0-0: Called Strike
0-1: Ball
1-1: Swinging Strike
1-2: Fly out, F7 (Flyball, 7S, EV 90.0 MPH)
Pinch Hitting: LHB Oscar Finley 0-0: Ball
1-0: Swinging Strike
1-1: Ball
2-1: Ball
3-1: 3-RUN HOME RUN (Flyball, 9D, EV 100.6 MPH), Distance : 375 ft
Batting: RHB Markus Lindsey 0-0: Called Strike
0-1: Called Strike
0-2: Foul Ball, location: 2F
0-2: Ball
1-2: Fly out, F6 (Popup, 6M, EV 73.8 MPH)
Batting: LHB Jimmy McComb 0-0: Swinging Strike
0-1: Ball
1-1: Foul Ball, location: 2F
1-2: Ball
2-2: SINGLE (Groundball, 6MD, EV 100.6 MPH)
Batting: SHB Mark Foster 0-0: Foul Ball, location: 2F
0-1: Swinging Strike
0-2: Foul Ball, location: 2F
0-2: Strikes out swinging
Top of the 10th over - 3 runs, 2 hits, 0 errors, 1 left on base; Grand Forks 6 - Athletic Club KC 3
BOTTOM OF THE 10TH
Athletic Club KC U-24 batting - Pitching for Grand Forks Caterpillars : RHP Billy Limby
Now at SS: Juan Morales
Batting: SHB Osvaldo Ardiles 0-0: Ball
1-0: Foul Ball, location: 2F
1-1: Swinging Strike
1-2: Ball
2-2: Ball
3-2: Foul Ball, location: 2F
3-2: Base on Balls
Pitching: LHP Addy van Katwijk
Batting: LHB Ramiro Curran 0-0: Foul Ball, location: 2F
0-1: Called Strike
0-2: Foul Ball, location: 2F
0-2: Foul Ball, location: 2F
0-2: Strikes out looking
Batting: LHB Greg Flynn 0-0: Fly out, F8 (Flyball, 89S, EV 81.9 MPH)
Batting: SHB Francisco Rojas 0-0: Swinging Strike
0-1: Called Strike
0-2: DOUBLE (Flyball, 89XD, EV 113.8 MPH)
Osvaldo Ardiles to third
Pinch Runner at 2nd Sam Jones:
Batting: SHB Benedito Ahulani 0-0: Ball
1-0: Swinging Strike
1-1: Foul Ball, location: 2F
1-2: Strikes out swinging
Bottom of the 10th over - 0 runs, 1 hit, 0 errors, 2 left on base; Grand Forks 6 - Athletic Club KC 3
Friday, March 26th, 2021 - OOTP Baseball 20.8 Build 74